 Dungeon Crawl Stone Soup version 0.20.0-8-g6b59dc7 (webtiles) character file.

90 ChaseSP the Chopper (level 4, -1/40 HPs)
             Began as a Deep Dwarf Fighter on May 31, 2017.
             Slain by a gnoll
             ... wielding a +0 halberd
              (2 damage)
             ... on level 3 of the Dungeon.
             The game lasted 00:03:33 (1266 turns).

ChaseSP the Chopper (Deep Dwarf Fighter)            Turns: 1266, Time: 00:03:34

Health: -1/40      AC: 10    Str: 18 (20) XL:     4   Next: 32%
Magic:  4/4        EV:  4    Int:  6 (8)  God:
Gold:   92         SH:  0    Dex: 10 (13) Spells: 3/3 levels left

rFire    . . .     SeeInvis .   a - +0 war axe
rCold    . . .     Gourm    .   c - +0 shield
rNeg     . . .     Faith    .   k - +1 chain mail
rPois    .         Spirit   .   (no helmet)
rElec    .         Reflect  .   (no cloak)
rCorr    .         Harm     .   (no gloves)
MR       .....                  (no boots)
Stlth    ..........             (no amulet)
Regen    0.0/turn               (no ring)
MPRegen  0.1/turn               (no ring)

@: confused, non-regenerating
A: damage resistance, heal wounds, sense surroundings 1, no regeneration
a: Heal Wounds


You were on level 3 of the Dungeon.
You were hungry.

You visited 1 branch of the dungeon, and saw 3 of its levels.

You collected 92 gold pieces.

Inventory:

Hand Weapons
 a - a +0 war axe (weapon)
 u - a +0 flail
Missiles
 b - 20 bolts
Armour
 c - a +0 shield (worn)
 g - a +0 leather armour of cold resistance
 k - a +1 chain mail (worn)
Scrolls
 j - a scroll of enchant armour
 n - 2 scrolls of recharging
 r - a scroll of teleportation {unknown}
 t - a scroll of remove curse {unknown}
Potions
 d - 2 potions of might
 e - a potion of mutation {unknown}
 l - a potion of magic {unknown}
 m - a potion of agility {unknown}
 p - a potion of curing {unknown}
 s - a potion of brilliance {unknown}
 v - a potion of heal wounds {unknown}
Comestibles
 f - a bread ration
 h - 2 royal jellies
 i - 4 chunks of flesh
 o - a meat ration


   Skills:
 - Level 2.6 Fighting
 * Level 5.1 Axes
 - Level 3.2 Armour
 - Level 3.2 Shields


You had 3 spell levels left.
You didn't know any spells.

Dungeon Overview and Level Annotations

Branches:
Dungeon (3/15)

Altars:
Gozag


Innate Abilities, Weirdness & Mutations

You are resistant to damage.
You can heal yourself by infusing magical energy.
You passively map a small area around you.
You do not regenerate.


Message History

You closely miss the orc.
The orc wizard points at you and mumbles some strange words.
You resist with some effort.
The gnoll hits you from afar with a spear.
The orc hits you but does no damage. The gnoll hits you with a halberd.
* * * LOW HITPOINT WARNING * * *
The gnoll hits you with a club.
* * * LOW HITPOINT WARNING * * *
A gnoll comes into view.
It was a potion of degeneration.
There was something very wrong with that liquid.
You feel weakened.
You feel dopey.
You feel clumsy. The orc wizard casts a spell at you.
The puff of flame hits you!
* * * LOW HITPOINT WARNING * * *
The gnoll hits you but does no damage. The orc barely misses you.
The gnoll hits you with a club.
* * * LOW HITPOINT WARNING * * *
The gnoll hits you with a halberd.
You die...

* * * * ###### ,
, * , ###..!.# ,
, , #.., ......#
* #.(* #.....####
* , * ,..*
#.oo.....#
..##.####@ggg...#
/....#...#g#....#
** , #.$..#.# ...
, * * #..###.# .
,, #<.....# **
######## * , , *
* ,


You could see an orc wizard, 4 gnolls and an orc.

Vanquished Creatures
  4 adders (D:2)
  3 worms (D:2)
  A leopard gecko (D:2)
  2 orcs (D:3)
  7 bats
  2 giant cockroaches
  2 goblins
  2 hobgoblins
  9 jackals
  5 frilled lizards
  4 kobolds
  3 rats
44 creatures vanquished.

Notes
Turn   | Place    | Note
-------+----------+-------------------------------------------
     0 | D:1      | ChaseSP the Deep Dwarf Fighter began the quest for the Orb.
     0 | D:1      | Reached XP level 1. HP: 20/20 MP: 1/1
   231 | D:1      | Reached skill level 3 in Axes
   267 | D:1      | Reached XP level 2. HP: 25/27 MP: 2/2
   630 | D:2      | Reached skill level 4 in Axes
   630 | D:2      | Reached XP level 3. HP: 24/33 MP: 3/3
   712 | D:2      | Found an opulent altar of Gozag.
   913 | D:2      | Reached XP level 4. HP: 29/40 MP: 4/4
  1019 | D:2      | Reached skill level 5 in Axes
  1266 | D:3      | HP: 2/40 [orc wizard/puff of flame (2)]
  1266 | D:3      | Slain by a gnoll

Skill      XL: |  1  2  3  4 |
---------------+-------------+-----
Axes           | 3 4 5 |  5.1
Fighting       | |  2.6
Armour         | |  3.2
Shields        | |  3.2

Action                   |  1- 3 |  4- 6 || total
-------------------------+-------+-------++-------
Melee: War axe           |   126 |    37 ||   163
  Use: Scroll            |       |     2 ||     2
       Potion            |       |     1 ||     1
  Eat: Chunk             |       |     1 ||     1
Armor: Scale mail        |    17 |       ||    17
       Chain mail        |    63 |    25 ||    88
Dodge: Dodged            |    27 |    10 ||    37
Block: Shield            |    78 |    25 ||   103
